 Dungeon Crawl Stone Soup version 0.32-a0-928-g1cae6b7ea0 (webtiles) character file.

Game seed: 6839288403500957061

1963 PriceMaster the Thaumaturge (level 9, 0/45 HPs)
             Began as a Spriggan Earth Elementalist on Apr 12, 2024.
             Was a Priest of Dithmenos.
             Succumbed to an orc wizard's poison
             ... on level 8 of the Dungeon.
             The game lasted 00:07:09 (5146 turns).

PriceMaster the Thaumaturge (SpEE)                  Turns: 5146, Time: 00:07:10

Health: 0/45       AC:  5    Str:  6    XL:     9   Next: 0%
Magic:  17/22      EV: 22    Int: 25    God:    Dithmenos [***...]
Gold:   359        SH:  0    Dex: 15    Spells: 24/25 levels left

rFire   . . .        v - +6 short sword (distort)
rCold   + . .        (no shield)
rNeg    . . .        z - +1 robe {Will+}
rPois   .            (helmet restricted)
rElec   .            (no cloak)
rCorr   .            (gloves unavailable)
SInv    +            (boots unavailable)
Will    ++...        H - amulet of faith
Stlth   +++++        y - +5 ring of evasion
HPRegen 0.27/turn    o - +6 ring of intelligence
MPRegen 0.18/turn

%: clarity, faith
@: lethally poisoned (0 -> -11), wreathed by umbra, very quick
A: very small, no large weapons, unfitting armour, see invisible, speed 3,
iridescent scales 1, clarity, cold resistance 1
a: Renounce Religion, Shadow Step


You were on level 8 of the Dungeon.
You worshipped Dithmenos.
Dithmenos was most pleased with you.
You visited 1 branch of the dungeon, and saw 8 of its levels.
You also visited: Sewer.

You collected 359 gold pieces.

Inventory:

Hand Weapons
 d - a +0 dagger
 l - a +2 short sword of draining
 n - the +8 spear of the Charming Fox {freeze, rCorr Str+4}
   (You found it on level 3 of the Dungeon)

   Str+4:     It affects your strength (+4).
   rCorr:     It protects you from acid and corrosion.
 v - a +6 short sword of distortion (weapon)
Armour
 a - a +0 robe
 z - a +1 robe of willpower (worn)
Jewellery
 c - an amulet of regeneration
 h - a ring of poison resistance
 o - a +6 ring of intelligence (right hand)
 y - a +5 ring of evasion (left hand)
 G - a ring of resist corrosion
 H - an amulet of faith (around neck)
Wands
 A - a wand of paralysis (8)
 C - a wand of roots (3)
 D - a wand of quicksilver (14)
 E - a wand of flame (52)
Scrolls
 e - 4 scrolls of identify {unknown}
 g - a scroll of amnesia {unknown}
 j - 3 scrolls of teleportation {unknown}
 q - 5 scrolls of fear {unknown}
 r - a scroll of poison {unknown}
 t - 2 scrolls of blinking
 w - 2 scrolls of brand weapon
 x - 2 scrolls of silence {unknown}
 B - a scroll of enchant armour {unknown}
 F - 2 scrolls of vulnerability {unknown}
 J - a scroll of torment
 M - a scroll of butterflies {unknown}
Potions
 b - 2 potions of magic
 f - a potion of lignification {unknown}
 i - a potion of attraction {unknown}
 k - 2 potions of curing {unknown}
 m - a potion of mutation
 p - 2 potions of degeneration {unknown}
 s - a potion of heal wounds {unknown}
 u - a potion of brilliance {unknown}
 I - 2 potions of might {unknown}
 K - a potion of haste {unknown}
 L - a potion of enlightenment {unknown}


   Skills:
 * Level 3.8 Fighting
 + Level 0.9 Short Blades
 + Level 2.7 Polearms
 + Level 4.1 Dodging
 * Level 7.4 Stealth
 * Level 8.9 Spellcasting
 + Level 0.6 Conjurations
 + Level 4.8 Earth Magic
 + Level 0.6 Evocations


You had 24 spell levels left.
You knew the following spells:

 Your Spells              Type           Power      Damage    Failure   Level
a - Sandblast             Erth           70%        2d15      1%          1

Your spell library contained the following spells:

 Spells                   Type           Power      Damage    Failure   Level
 Passwall                 Erth           35%        N/A       2%          3
 Sting                    Conj/Alch      48%        1d6       4%          1
 Stone Arrow              Conj/Erth      48%        3d10      5%          3
 Static Discharge         Conj/Air       24%        3-4/arc   8%          2
 Mercury Vapours          Alch/Air       22%        N/A       9%          2
 Mephitic Cloud           Conj/Alch/Air  12%        N/A       16%         3
 Sigil of Binding         Hex            11%        N/A       17%         3
 Brom's Barrelling Bould  Conj/Erth      24%        2d5       19%         4
 Petrify                  Alch/Erth      23%        N/A       21%         4
 Airstrike                Air            5%         2d(1-17)  50%         4
 Olgreb's Toxic Radiance  Alch           11%        N/A       50%         4
 Summon Lightning Spire   Summ/Air       11%        N/A       50%         4
 Freezing Cloud           Conj/Ice/Air   6%         6-21      80%         5
 Death Channel            Necr           5%         N/A       100%        6
 Sculpt Simulacrum        Ice/Alch       5%         N/A       100%        6


Dungeon Overview and Level Annotations

Branches:
Dungeon (8/15)             Temple (0/1) D:6           Sewer (visited)
   Lair: D:8-11

Altars:
Dithmenos
Makhleb
Trog
Vehumet
Xom
Zin

Shops:
D:1 [


Innate Abilities, Weirdness & Mutations

You are very small and have problems with some larger weapons.
You are too small for most types of armour.
You have supernaturally acute eyesight. (SInv)
You cover ground extremely quickly. (Speed+++)
You are partially covered in iridescent scales. (AC +2)
You possess an exceptional clarity of mind.
Your flesh is cold resistant. (rC+)


Message History

Your base attributes are Str 4, Int 19, Dex 15.
Increase (S)trength, (I)ntelligence, or (D)exterity?
You feel stronger. x2
You hit the orc wizard but do no damage.
Space warps around the orc wizard.
The orc wizard is moderately wounded.
The orc wizard hits you with a +0 dagger of venom.
You are poisoned.
You hit the orc wizard.
Space warps around the orc wizard.
The orc wizard is almost dead.
You feel very sick.
The orc wizard hits you but does no damage.
You are more poisoned.
You closely miss the orc wizard.
The orc wizard is almost dead.
You feel very sick. The orc wizard misses you.
You closely miss the orc wizard.
The orc wizard is almost dead.
You feel sick. The orc wizard casts a spell at you. The puff of flame hits you!
* * * LOW HITPOINT WARNING * * *
Casting: Sandblast (safe; 1% risk of failure)
Confirm with . or Enter, or press ? or * to list all spells.
Aiming: Sandblast (safe; 1% risk of failure)
Press: ? - help, Shift-Dir - straight line, f - orc wizard
Aim: an orc wizard, wielding a +0 dagger of venom and wearing a +0 robe (almost dead, umbra, 80% to hit)
The blast of sand misses the orc wizard.
* * * LOW HITPOINT WARNING * * *
You feel very sick.
The orc wizard hits you with a +0 dagger of venom.
* * * LOW HITPOINT WARNING * * *
You are more poisoned.
Okay, then.
It was a potion of mutation.
You feel extremely strange.
Your thoughts seem clearer.
Iridescent scales grow over part of your body.
You feel resistant to cold.
You die...

######
##....#######
#...........#
#...........#
#........o@.#
#........)..#
#...........+
#......)....#
#...........#
####..#######
##..###
#.....#
#<....+


You could see an orc wizard.

Vanquished Creatures
  Pikel (D:4)
  A sky beast (D:6)
  An ogre (D:4)
  A lemure (D:4)
  A phantom (D:6)
  A bullfrog (Sewer)
  2 scorpions
  4 hounds
  A jelly (D:4)
  2 bombardier beetles
  An orc priest (D:8)
  5 iguanas (D:5)
  3 sleepcaps
  Jessica (D:2)
  An orc wizard (D:7)
  10 adders
  3 gnolls (D:6)
  A river rat (D:4)
  A shadow imp (D:6)
  4 ufetubi
  4 ribbon worms
  11 dart slugs
  2 orcs (D:8)
  3 endoplasms
  11 giant cockroaches
  14 goblins
  6 hobgoblins
  2 jackals (D:1)
  7 kobolds
  4 quokkas
  12 ball pythons
  7 bats
  12 frilled lizards
  7 rats
147 creatures vanquished.

Notes
Turn   | Place    | Note
-------+----------+-------------------------------------------
     0 | D:1      | PriceMaster the Spriggan Earth Elementalist began the quest
                  | for the Orb.
     0 | D:1      | Reached XP level 1. HP: 9/9 MP: 5/5
   204 | D:1      | Reached XP level 2. HP: 12/13 MP: 0/6
   311 | D:1      | Reached skill level 3 in Spellcasting
   539 | D:1      | Found Vuxeb's Armour Shop.
   932 | D:2      | Reached XP level 3. HP: 17/17 MP: 3/8
  1024 | D:2      | Reached skill level 1 in Fighting
  1107 | D:2      | Found a shadowy altar of Dithmenos.
  1145 | D:2      | Became a worshipper of Dithmenos the Shadowed
  1258 | D:2      | Noticed Jessica
  1263 | D:2      | Killed Jessica
  1264 | D:2      | Reached skill level 4 in Spellcasting
  1264 | D:2      | Reached XP level 4. HP: 22/22 MP: 4/11
  1471 | D:2      | Found a faded altar of an unknown god.
  1648 | D:3      | Identified the +8 spear of the Charming Fox {freeze, rCorr
                  | Str+4}
  1671 | D:3      | Found a shadowy altar of Dithmenos.
  1903 | D:3      | Reached XP level 5. HP: 25/25 MP: 10/12
  1963 | D:3      | Reached * piety under Dithmenos
  2154 | D:4      | Found a glowing drain.
  2158 | Sewer    | Entered a sewer
  2280 | Sewer    | Reached skill level 5 in Spellcasting
  2338 | Sewer    | Reached ** piety under Dithmenos
  2429 | Sewer    | Reached XP level 6. HP: 30/30 MP: 9/14
  2509 | Sewer    | Reached skill level 1 in Polearms
  3022 | D:4      | Noticed Pikel
  3051 | D:4      | Killed Pikel
  3052 | D:4      | Reached skill level 5 in Stealth
  3052 | D:4      | Reached skill level 6 in Spellcasting
  3052 | D:4      | Reached XP level 7. HP: 35/35 MP: 10/18
  3200 | D:4      | Reached skill level 7 in Spellcasting
  3483 | D:4      | Reached XP level 8. HP: 27/39 MP: 16/19
  3548 | D:5      | Entered Level 5 of the Dungeon
  3698 | D:5      | Found a burning altar of Makhleb.
  3795 | D:5      | Found a shimmering altar of Xom.
  3852 | D:5      | Reached skill level 8 in Spellcasting
  4139 | D:5      | Found a radiant altar of Vehumet.
  4690 | D:6      | Found a bloodstained altar of Trog.
  4860 | D:6      | Found a staircase to the Ecumenical Temple.
  5082 | D:7      | Found a glowing silver altar of Zin.
  5136 | D:8      | Reached *** piety under Dithmenos
  5141 | D:8      | Reached XP level 9. HP: 24/45 MP: 17/22
  5146 | D:8      | Gained mutation: You possess an exceptional clarity of
                  | mind. [potion of mutation]
  5146 | D:8      | Gained mutation: You are partially covered in iridescent
                  | scales. (AC +2) [potion of mutation]
  5146 | D:8      | Gained mutation: Your flesh is cold resistant. (rC+)
                  | [potion of mutation]
  5146 | D:8      | Succumbed to an orc wizard's poison

Illustrated notes

Levels and vault maps discovered:
D:1:      dpeg_arrival_rooms_with_view, layout_loops_ring, serial_shops, shop,
          serial_forest, infiniplex_forest_clump_double,
          infiniplex_forest_lined_3_way, infiniplex_forest_clump_double,
          infiniplex_forest_lined_corner, infiniplex_forest_end_1,
          infiniplex_forest_split, infiniplex_forest_clump_tiny,
          infiniplex_forest_pool, infiniplex_forest_side_room
D:2:      layout_rooms, ebering_ecumenical_altar_sacrificial, basic_altar,
          grunt_ministairs_15, uniq_jessica
D:3:      minmay_chambers_of_twos, layout_rooms,
          nicolae_dithmenos_through_a_glass_darkly
D:4:      layout_cave_pools, gup_sewer_entry_bowl, minmay_quantized, uniq_pikel
D:5:      layout_cave_pods, bloody_makhleb, minmay_holes,
          corexii_leaking_fountain, hangedman_feature_mirror,
          minmay_misc_feat_alley, reono_crystal_passage
D:6:      layout_loops_ring, trog_three_pillars_becter,
          minmay_temple_entry_statues
D:7:      layout_cave_pools, zin_statuary, minmay_misc_feat_four_crosses
D:8:      layout_gridville, mainiacjoe_overflow_large_starburst,
          dpeg_lair_monsters, uniq_maggie

Skill      XL: |  1  2  3  4  5  6  7  8 |
---------------+-------------------------+-----
Earth Magic    | 3 4 |  4.8
Spellcasting   | 3 4 5 6 7 8 |  8.9
Fighting       | 1 2 3 |  3.8
Stealth        | 4 5 6 7 |  7.4
Dodging        | 3 4 |  4.1
Polearms       | 1 2 |  2.7
Short Blades   | |  0.9
Conjurations   | |  0.6
Evocations     | |  0.6

Action                     |  1- 3 |  4- 6 |  7- 9 || total
---------------------------+-------+-------+-------++-------
  Melee: Dagger            |    12 |       |       ||    12
         Short sword       |       |    21 |    51 ||    72
         Spear             |       |    93 |    20 ||   113
   Cast: Sandblast         |    47 |    52 |    42 ||   141
  Evoke: Wand              |       |     2 |       ||     2
    Use: Scroll            |     3 |       |       ||     3
         Potion            |       |       |     1 ||     1
   Stab: Sleeping          |     1 |     8 |     6 ||    15
         Distracted        |       |       |     2 ||     2
 Armour: Robe              |    12 |    44 |    24 ||    80
  Dodge: Dodged            |    18 |   116 |    73 ||   207

Table legend: (Time is in decaauts)
 A = Elapsed time spent in this place.
 B = Non-inter-level travel time spent in this place.
 C = Inter-level travel time spent in this place.
 D = Time resting spent in this place.
 E = Time spent auto-exploring this place.
 F = Levels seen in this place.
 G = Mean time per level.
                   A        B        C        D        E       F      G
               +--------+--------+--------+--------+--------+-----+--------+
         Total |   3862 |   3779 |     83 |      0 |   2723 |   9 |  429.1 |
       Dungeon |   3205 |   3122 |     83 |      0 |   2409 |   8 |  400.6 |
         Sewer |    657 |    657 |      0 |      0 |    313 |   1 |  657.0 |
               +--------+--------+--------+--------+--------+-----+--------+

Top non-repeatable levels by time:
   Sewer: 657 daAuts
     D:1: 654 daAuts
     D:5: 544 daAuts
     D:4: 543 daAuts
     D:2: 493 daAuts
     D:6: 473 daAuts
     D:3: 428 daAuts
     D:7: 41 daAuts
     D:8: 27 daAuts
